Map: Frost LE

Players

Chammy (Cham) - Winner!

  • Race: Zerg Zerg
  • League: Grandmaster
  • Spawn Location: 1:00

Major (SpeCial)

  • Race: Terran Terran
  • League: Master
  • Spawn Location: 11:00

Event: Copa América 2016 Grand Finals

VOD

https://youtu.be/4ewNU2Vnkiw

Description

Time

  • Played on: Oct. 14, 2016, 2:35 p.m.
  • Length: 13:43

All games in this series

Show
View Real Time Build Order
Export as new Build Order

Chammy Zerg - Winner!

Build Orders: Hatch First 

Get SALT Encoding   

  12  0:00  Drone  
  13  0:07  Drone  
  14  0:17  Overlord  
  14  0:35  Drone x3  
  17  0:53  Hatchery  
  17  0:56  Drone  
  17  0:58  Drone  
  18  1:10  Extractor  
  17  1:13  Spawning Pool  
  17  1:16  Drone  
  17  1:19  Drone  
  18  1:29  Drone  
  19  1:40  Overlord  
  19  1:51  Drone  
  20  1:59  Queen  
  22  2:03  Zergling x2  
  22  2:05  Queen  
  22  2:06  Zergling x2  
  26  2:09  Metabolic Boost  
  26  2:12  Zergling x2  
  27  2:17  Drone  
  28  2:23  Drone  
  28  2:27  Drone  
  30  2:33  Drone  
  31  2:41  Overlord  
  30  2:47  Queen x2  
  30  2:48  Drone  
  35  3:00  Overlord  
  35  3:01  Drone x2  
  37  3:06  Drone  
  37  3:10  Drone  
  39  3:16  Drone x2  
  39  3:17  Drone x2  
  39  3:18  Drone  
  44  3:21  Drone  
  45  3:34  Hatchery, Roach Warren  
  45  3:37  Zergling x4  
  45  3:38  Zergling x2  
  46  3:43  Zergling x2  
  47  3:50  Overlord  
  47  3:51  Drone  
  47  3:54  Drone x2  
  47  3:55  Drone  
  51  3:59  Overlord  
  51  4:02  Extractor  
  48  4:15  Drone  
  46  4:19  Drone x2  
  46  4:21  Drone x2  
  46  4:23  Drone  
  51  4:24  Lair  
  51  4:36  Overlord  
  50  4:38  Spore Crawler  
  50  4:40  Spore Crawler  
  50  4:41  Spore Crawler, Drone x2  
  50  4:42  Drone  
  50  4:43  Overlord  
  50  4:44  Roach  
  50  4:45  Roach x2  
  56  4:46  Queen  
  56  4:51  Spore Crawler  
  57  4:53  Drone  
  57  4:56  Overlord  
  57  4:57  Drone  
  57  4:59  Drone  
  60  5:03  Queen  
  60  5:05  Overlord  
  60  5:09  Evolution Chamber  
  60  5:11  Drone  
  60  5:18  Zergling x2, Roach x2  
  60  5:19  Zergling x2  
  60  5:21  Drone x4  
  68  5:24  Glial Reconstitution  
  68  5:27  Extractor  
  68  5:28  Extractor  
  68  5:30  Drone x3  
  68  5:32  Drone  
  72  5:36  Overlord  
  72  5:38  Zerg Missile Weapons Level 1  
  72  5:48  Overseer  
  72  5:55  Overlord  
  72  5:56  Drone x6  
  72  5:57  Drone x2  
  79  6:00  Drone  
  79  6:03  Overlord  
  80  6:06  Roach x2  
  80  6:09  Roach  
  88  6:11  Roach  
  88  6:12  Roach  
  88  6:14  Roach  
  88  6:16  Ravager x2  
  88  6:18  Roach  
  95  6:21  Roach  
  97  6:28  Roach  
  97  6:30  Roach  
  101  6:38  Roach x5  
  101  6:39  Roach  
  110  6:43  Overlord  
  110  6:46  Extractor, Drone x3  
  112  6:48  Roach  
  112  6:49  Roach  
  112  6:51  Overlord  
  112  6:53  Roach  
  118  6:59  Roach  
  118  7:00  Overlord x2  
  120  7:02  Roach  
  120  7:06  Roach x3  
  128  7:11  Roach  
  128  7:12  Roach  
  128  7:13  Overlord, Ravager  
  133  7:22  Ravager  
  136  7:23  Roach x4  
  136  7:24  Roach  
  136  7:26  Roach  
  136  7:29  Roach x2  
  150  7:33  Roach x2  
  154  7:38  Roach x2  
  158  7:46  Roach  
  158  7:50  Roach  
  146  7:58  Roach  
  146  7:59  Roach x4  
  146  8:02  Roach  
  156  8:07  Drone x2  
  156  8:10  Infestation Pit  
  156  8:12  Extractor  
  156  8:13  Zerg Ground Armor Level 1  
  156  8:14  Drone  
  156  8:15  Evolution Chamber  
  156  8:20  Drone  
  156  8:21  Overlord  
  156  8:22  Drone x2  
  156  8:23  Drone  
  156  8:24  Hatchery  
  159  8:28  Overlord  
  159  8:33  Overlord x2  
  159  8:38  Drone  
  160  8:44  Zerg Missile Weapons Level 2  
  160  8:53  Drone x3  
  160  8:54  Drone x3  
  166  8:55  Overlord  
  166  8:56  Queen  
  166  8:58  Hive  
  166  8:59  Infestor  
  170  9:11  Infestor  
  170  9:12  Infestor  
  170  9:13  Drone x2  
  176  9:21  Extractor  
  176  9:22  Extractor  
  176  9:23  Overlord  
  178  9:24  Roach x2  
  178  9:25  Zergling x4  
  178  9:26  Spore Crawler  
  178  9:27  Drone x2  
  178  9:29  Zergling x2  
  182  9:31  Zergling x4  
  182  9:32  Overseer  
  182  9:34  Ravager x3  
  182  9:35  Overlord  
  187  9:39  Zergling x2  
  187  9:40  Drone  
  187  9:44  Overlord  
  189  9:50  Roach x5  
  189  9:51  Zergling x2  
  200  9:59  Zergling x2  
  195  10:00  Zergling x2  
  195  10:03  Roach x2  
  197  10:10  Spore Crawler  
  197  10:12  Spore Crawler  
  195  10:15  Adrenal Glands  
  195  10:17  Ultralisk Cavern  
  194  10:23  Roach x2  
  194  10:24  Ravager  
  199  10:40  Hatchery  
  198  10:49  Zerg Ground Armor Level 2  
  198  10:50  Drone  
  198  10:51  Spire  
  198  10:53  Baneling Nest, Drone  
  197  11:03  Chitinous Plating  
  125  11:27  Ultralisk x5  
  125  11:28  Ultralisk  
  125  11:29  Roach x4  
  125  11:30  Roach  
  158  11:34  Roach x3  
  158  11:37  Roach x2  
  170  11:40  Roach  
  170  11:43  Roach x2  
  170  11:48  Roach x2  
  168  11:59  Zergling x4, Ultralisk  
  176  12:17  Ravager x4  
  176  12:22  Zergling x8, Ultralisk  
  182  12:26  Zergling x8  
  186  12:43  Ultralisk  
  192  12:44  Zergling x4  
  194  12:51  Baneling x2  
  194  12:56  Ultralisk  
  196  13:17  Zergling x2  
  196  13:18  Zergling x4  
  193  13:26  Drone x2  
  195  13:28  Extractor  
  195  13:29  Extractor  
Show
View Real Time Build Order
Export as new Build Order

Major Terran 

Build Orders: Reaper Expand, Bio Tank, Banshee Rush 

Get SALT Encoding   

  12  0:00  SCV  
  13  0:12  SCV  
  14  0:18  Supply Depot  
  14  0:25  SCV  
  15  0:30  Refinery  
  15  0:39  SCV  
  16  0:44  Barracks  
  16  0:51  SCV  
  17  1:03  SCV  
  18  1:15  SCV  
  19  1:31  Reaper, Orbital Command  
  20  1:44  Command Center  
  20  1:56  Factory  
  20  1:59  SCV  
  21  2:07  Barracks Reactor  
  21  2:14  Supply Depot, SCV  
  22  2:26  SCV  
  23  2:35  Refinery  
  23  2:38  SCV  
  24  2:50  SCV  
  24  2:51  Starport  
  25  2:54  Hellion x2  
  29  2:59  Barracks Tech Lab, Orbital Command  
  29  3:03  SCV  
  30  3:15  Hellion x2, SCV  
  30  3:18  Supply Depot  
  35  3:24  SCV  
  36  3:27  SCV  
  36  3:32  Cloaking Field  
  37  3:37  Banshee  
  37  3:41  SCV x2  
  42  3:44  Marine x2  
  42  3:45  Factory Tech Lab  
  44  3:51  Supply Depot  
  44  3:53  SCV x2  
  46  4:02  Marine x2  
  45  4:10  Siege Tank  
  46  4:17  SCV x2  
  46  4:19  Marine x2  
  46  4:22  Banshee  
  51  4:30  Command Center  
  51  4:37  SCV x2  
  53  4:38  Marine  
  53  4:39  Marine  
  53  4:42  Supply Depot  
  55  4:49  SCV x2  
  55  4:50  Siege Tank  
  60  5:03  SCV x2  
  62  5:15  SCV x2  
  62  5:17  Refinery x2  
  62  5:18  Marine, Supply Depot  
  62  5:19  Medivac  
  67  5:21  Medivac  
  67  5:24  Supply Depot  
  67  5:27  SCV  
  70  5:35  Engineering Bay  
  70  5:37  Engineering Bay  
  70  5:39  Marine  
  70  5:40  SCV x2  
  73  5:47  Stimpack  
  73  5:52  SCV x2  
  75  5:59  Orbital Command  
  75  6:01  Siege Tank  
  75  6:02  Barracks x2  
  80  6:04  SCV x2  
  80  6:15  Terran Infantry Weapons Level 1  
  80  6:16  Terran Infantry Armor Level 1, Marine, SCV x2  
  83  6:28  SCV x2  
  83  6:31  Barracks  
  80  6:34  Marine  
  80  6:38  Siege Tank  
  77  6:45  Orbital Command, Starport Reactor  
  77  6:47  SCV x2  
  77  6:52  Marine  
  78  6:54  Barracks  
  78  6:57  Barracks Reactor  
  78  6:59  SCV  
  78  7:00  Marine x2  
  78  7:05  SCV  
  78  7:07  Supply Depot  
  78  7:08  Supply Depot x2  
  79  7:10  Marine, Siege Tank  
  79  7:11  SCV  
  79  7:12  SCV  
  85  7:17  SCV  
  85  7:18  Marine x2  
  88  7:23  Bunker, SCV  
  88  7:24  Medivac, Barracks Reactor  
  88  7:25  Medivac  
  88  7:27  SCV  
  88  7:28  Marine  
  88  7:29  SCV  
  96  7:34  Marine x2, Refinery, Armory  
  96  7:35  Marine, SCV  
  96  7:36  Marine  
  101  7:42  Supply Depot  
  101  7:43  Barracks Reactor  
  101  7:45  Siege Tank  
  101  7:46  Marauder  
  106  7:52  Marine x2  
  106  7:53  Marine x2  
  95  8:03  Marine x2  
  83  8:07  Marine  
  83  8:10  Marine x2  
  83  8:11  Marine x2, Orbital Command  
  83  8:12  Supply Depot  
  83  8:17  Combat Shields  
  83  8:18  Siege Tank  
  83  8:19  Marine  
  86  8:20  Marine x2  
  86  8:22  Medivac x2  
  86  8:25  Marine, Marauder  
  95  8:28  Marine x2  
  95  8:29  Marine x2  
  99  8:36  Missile Turret  
  99  8:37  Marine  
  99  8:38  Marine x2, SCV x2  
  99  8:41  SCV  
  103  8:43  Marine  
  103  8:45  Marine  
  103  8:46  Marine, Marauder  
  108  8:51  Terran Infantry Weapons Level 2  
  107  8:56  Terran Infantry Armor Level 2  
  107  8:58  Marine  
  107  8:59  Marine x2  
  107  9:00  Marine  
  106  9:06  Siege Tank  
  106  9:09  Marine x2  
  111  9:10  Marine x3  
  111  9:15  Marine, SCV  
  111  9:16  Marine, SCV  
  118  9:20  Terran Vehicle Weapons Level 1  
  118  9:22  Marine x2, Orbital Command  
  120  9:27  Marine x3  
  120  9:30  Marine, Marauder  
  126  9:33  Marine  
  126  9:34  Marine, SCV x2  
  130  9:40  Marine x2  
  132  9:48  Marine  
  132  9:49  Supply Depot x2  
  132  9:52  Marauder  
  133  9:53  Marine  
  133  9:56  SCV x2  
  133  10:03  Concussive Shells  
  133  10:10  Marine, Siege Tank, SCV  
  133  10:12  SCV x2  
  133  10:13  Marauder  
  142  10:14  Marine  
  142  10:15  Marine  
  142  10:17  Marine  
  144  10:25  Supply Depot x2  
  144  10:26  Marine  
  144  10:30  Marine  
  144  10:31  Marine x2  
  144  10:34  Marine  
  148  10:42  SCV  
  149  10:46  Marine x4  
  149  10:47  SCV x2, Marauder  
  149  10:48  Marine  
  158  10:50  Marine x2  
  158  10:53  Refinery  
  158  10:55  Supply Depot  
  159  10:59  Medivac x2  
  153  11:08  Marauder  
  153  11:09  SCV x2  
  154  11:16  Marine  
  147  11:18  Marine  
  147  11:19  Marine  
  147  11:23  Marine  
  147  11:24  Marine  
  125  11:29  Medivac x2  
  125  11:30  Marine x3, Marauder  
  132  11:34  Marine  
  132  11:36  Marine  
  132  11:37  Marine  
  132  11:38  Siege Tank  
  137  11:41  Marine  
  137  11:42  Liberator x2  
  136  11:51  Marauder  
  142  12:06  Marine x2  
  142  12:07  Marine  
  147  12:09  SCV x2  
  147  12:10  Marine  
  147  12:11  Refinery  
  147  12:13  Marauder  
  148  12:25  Liberator x2  
  148  12:29  Barracks Tech Lab x2  
  148  12:34  Marauder  
  153  12:47  Marauder  
  153  12:50  Marine x3  
  147  12:55  Marauder  
  147  12:57  Marine  
  119  13:09  Marauder  
  109  13:24  Marine  
Tags
 
Add a new tag
Caveats
  • Supply blocks, unpowered buildings, or Contaminate may cause inaccurate times.
  • Supply counts are checked every 10 seconds.